 Dungeon Crawl Stone Soup version 0.26.0-10-g1f06aea511 (webtiles) character file.

Game seed: 3132584513004647819

2118 Arzdou the Cleaver (level 9, -7/79 HPs)
             Began as a Minotaur Berserker on Jan 21, 2021.
             Was an Elder of Trog.
             Mangled by a kobold demonologist
             ... wielding a +2 dagger of electrocution
              (17 damage)
             ... on level 8 of the Dungeon on Jan 22, 2021.
             The game lasted 00:20:59 (6792 turns).

Arzdou the Cleaver (Minotaur Berserker)             Turns: 6792, Time: 00:21:00

Health: -7/79      AC: 14    Str: 24    XL:     9   Next: 8%
Magic:  8/8        EV:  6    Int:  4    God:    Trog [****..]
Gold:   340        SH: 12    Dex: 11    Spells: 8/8 levels left

rFire    + . .     SeeInvis .   C - +5 hand axe
rCold    . . .     Faith    .   w - +0 tower shield
rNeg     . . .     Spirit   .   u - +0 chain mail
rPois    .         Reflect  .   (helmet restricted)
rElec    .         Harm     .   x - +0 cloak
rCorr    .         Rampage  .   n - +0 pair of gloves
Will     .....                  t - +0 pair of boots
Stlth    ..........             (no amulet)
HPRegen  0.23/turn              r - ring of protection from fire
MPRegen  0.11/turn              y - ring of attention (curse)

@: no status effects
A: retaliatory headbutt, horns 2
a: Renounce Religion, Berserk, Trog's Hand, Brothers in Arms


You were on level 8 of the Dungeon.
You worshipped Trog.
Trog was greatly pleased with you.
You visited 2 branches of the dungeon, and saw 9 of its levels.

You collected 340 gold pieces.

Inventory:

Hand Weapons
 a - a +0 hand axe
 C - a +5 hand axe (weapon)
Armour
 n - a +0 pair of gloves (worn)
 t - a +0 pair of boots (worn)
 u - a +0 chain mail (worn)
 w - a +0 tower shield (worn)
 x - a +0 cloak (worn)
Jewellery
 r - a ring of protection from fire (left hand)
 s - an uncursed ring of protection from fire
 y - a cursed ring of attention (right hand)
Wands
 f - a wand of paralysis (8)
 i - a wand of flame (11)
 m - a wand of polymorph (11)
Scrolls
 b - a scroll of fog {unknown}
 d - 2 scrolls of teleportation
 e - 4 scrolls of identify
 j - a scroll of fear {unknown}
 p - a scroll of noise {unknown}
 A - a scroll of enchant armour {unknown}
 B - a scroll of enchant weapon {unknown}
 D - a scroll of random uselessness {unknown}
Potions
 c - 2 potions of curing {unknown}
 g - 3 potions of heal wounds
 h - 2 potions of flight {unknown}
 k - a potion of mutation {unknown}
 l - a potion of lignification {unknown}
 o - a potion of cancellation
 q - a potion of might {unknown}
 v - a potion of resistance {unknown}
 z - a potion of attraction {unknown}


   Skills:
 + Level 7.3 Fighting
 * Level 9.7 Axes
 + Level 6.8 Armour
 + Level 6.2 Dodging


You had 8 spell levels left.
You didn't know any spells.
Your spell library was empty.

Dungeon Overview and Level Annotations

Branches:
Dungeon (8/15)             Temple (1/1) D:5
   Lair: D:8-11

Altars:
Cheibriados
Elyvilon
Fedhas
Gozag
Hepliaklqana
Makhleb
Qazlal
Ru
Sif Muna
Trog
Uskayaw
Vehumet
Wu Jian
Yredelemnul

Shops:
D:5 =

Annotations:
D:8 Harold


Innate Abilities, Weirdness & Mutations

You reflexively headbutt those who attack you in melee.
You have a pair of horns on your head.


Message History

You hit the bullfrog. You closely miss the hound.
The bullfrog hits you but does no damage.
The hound bites you.
The kobold demonologist looks encouraged for a moment.
The bullfrog hits you.
The kobold demonologist hits you but does no damage.
The hound bites you but does no damage.
You closely miss the kobold demonologist.
The kobold demonologist is heavily wounded.
You hit the hound. You slash the bullfrog! You block the bullfrog's attack.
The hound bites you but does no damage. The bullfrog hits you.
The kobold demonologist hits you but does no damage.
You are electrocuted!!
* * * LOW HITPOINT WARNING * * *
Your polar bear goes berserk!
The hound bites you but does no damage. The bullfrog barely misses you.
You block the hound's attack.
The kobold demonologist hits you but does no damage.
You are electrocuted!
You die...

#..... #..... ....#
###+###...##
##....##....# .
#......#....#
.h#......#..÷.# +
..'.h...§#h...# .#
#......#K@.## ..#
#.....)'hF3##...## #
#####÷##..........
#..###...##...##.....
.......5.##..[# ....
......<...#...+ ...
.........4#...# ##
###'##...##...# [..
##########


You could see a kobold demonologist, a smoke demon (summoned), a bullfrog, a
hound and a friendly polar bear (summoned, berserk).

Vanquished Creatures
  A kobold demonologist (D:8)
  A sky beast (D:5)
  A phantom (D:7)
  A centaur (D:6)
  A big kobold (D:7)
  A bullfrog (D:8)
  2 scorpions
  8 wights (D:7)
  3 howler monkeys
  2 bullfrog zombies
  A jelly (D:8)
  A gnoll shaman (D:6)
  An orc priest (D:5)
  2 hounds
  A centaur skeleton (D:4)
  4 orc wizards
  An iguana (D:5)
  8 worker ants
  A hound zombie (D:5)
  A hound skeleton (D:5)
  A worker ant zombie (D:5)
  A howler monkey zombie (D:5)
  10 gnolls
  8 adders
  A shadow imp (D:6)
  3 white imps
  2 ufetubi
  An ooze (D:1)
  2 adder skeletons
  A worm (D:2)
  A dart slug (D:3)
  2 leopard geckos
  11 orcs
  3 bats
  7 giant cockroaches
  7 goblins
  7 hobgoblins
  6 jackals
  2 ball pythons (D:1)
  4 frilled lizards
  A jackal zombie (D:6)
  32 kobolds
  A leopard gecko skeleton (D:5)
  A leopard gecko zombie (D:5)
  2 rats (D:3)
159 creatures vanquished.

Vanquished Creatures (others)
  11 plants (D:7)
11 creatures vanquished.

Grand Total: 170 creatures vanquished

Notes
Turn   | Place    | Note
-------+----------+-------------------------------------------
     0 | D:1      | Arzdou the Minotaur Berserker began the quest for the Orb.
     0 | D:1      | Reached XP level 1. HP: 19/19 MP: 0/0
   231 | D:1      | Reached skill level 4 in Axes
   231 | D:1      | Reached XP level 2. HP: 27/27 MP: 1/1
   806 | D:2      | Reached XP level 3. HP: 18/33 MP: 2/2
   970 | D:2      | Reached XP level 4. HP: 40/40 MP: 3/3
  1161 | D:2      | Reached ** piety under Trog
  1172 | D:2      | Reached skill level 5 in Axes
  1473 | D:2      | Reached XP level 5. HP: 47/47 MP: 4/4
  1563 | D:2      | Found a sacrificial altar of Ru.
  1563 | D:2      | Found a stormy altar of Qazlal.
  2016 | D:3      | Found a faded altar of an unknown god.
  2145 | D:3      | Found an opulent altar of Gozag.
  2428 | D:3      | Found a snail-covered altar of Cheibriados.
  2700 | D:3      | Reached XP level 6. HP: 55/55 MP: 5/5
  2966 | D:4      | Reached skill level 6 in Axes
  3011 | D:4      | Reached skill level 5 in Fighting
  3783 | D:5      | Entered Level 5 of the Dungeon
  3846 | D:5      | Found Lovuj's Jewellery Emporium.
  3920 | D:5      | Found a staircase to the Ecumenical Temple.
  3990 | D:5      | Found a blossoming altar of Fedhas.
  3990 | D:5      | Found a shimmering blue altar of Sif Muna.
  3990 | D:5      | Found a hazy altar of Hepliaklqana.
  4029 | D:5      | Reached XP level 7. HP: 59/61 MP: 6/6
  4031 | D:5      | Reached *** piety under Trog
  4232 | D:5      | Reached skill level 7 in Axes
  4564 | Temple   | Entered the Ecumenical Temple
  4628 | D:6      | Reached skill level 5 in Armour
  4963 | D:6      | Reached skill level 8 in Axes
  4963 | D:6      | Reached skill level 5 in Dodging
  4963 | D:6      | Reached XP level 8. HP: 62/70 MP: 7/7
  5698 | D:7      | Reached **** piety under Trog
  5927 | D:7      | Reached skill level 9 in Axes
  6091 | D:7      | Found a radiant altar of Vehumet.
  6461 | D:8      | Noticed Harold
  6469 | D:8      | Noticed a queen ant
  6545 | D:8      | Noticed a kobold demonologist
  6545 | D:8      | Noticed a kobold demonologist
  6555 | D:8      | Noticed a sixfirhy
  6565 | D:8      | Noticed a hellwing
  6569 | D:8      | Killed a kobold demonologist
  6570 | D:8      | Reached XP level 9. HP: 33/79 MP: 8/8
  6576 | D:8      | Found the +3 robe of Folly {Archmagi, Will-- Int+5}
  6786 | D:8      | Noticed a smoke demon
  6792 | D:8      | Mangled by a kobold demonologist

Illustrated notes

Levels and vault maps discovered:
D:1:      nzn_arrival_crosshair, layout_loops_corners, minmay_misc_feat_iff
D:2:      layout_basic, minitemple
D:3:      layout_basic, old_standard_altar, general_overflow_altar,
          chequers_ecumenical_altar_simple_redux
D:4:      layout_loops_ring
D:5:      layout_loops_ring, chequers_temple_overflow_statue_of_worship,
          minmay_temple_entry_proselytizer, minmay_shop_enchanted_jewellery
D:6:      layout_cave_pools
D:7:      kennysheep_kobold_camp, layout_basic, vehumet_altar_wand_db,
          serial_curves, eino_curves_01, eino_curves_04, dk_noncrumbling_2,
          minmay_stone_trees_small, minmay_misc_feat_cross
D:8:      layout_gridville, minivault_29, uniq_harold
Temple:   eino_temple_lava

Skill      XL: |  1  2  3  4  5  6  7  8 |
---------------+-------------------------+-----
Axes           | 4 5 6 8 9 |  9.7
Fighting       | 4 5 6 7 |  7.3
Armour         | 3 4 5 6 |  6.8
Dodging        | 3 4 5 6 |  6.2

Action                   |  1- 3 |  4- 6 |  7- 9 || total
-------------------------+-------+-------+-------++-------
Melee: Hand axe          |    40 |   143 |   243 ||   426
       Headbutt          |     6 |    26 |    56 ||    88
Invok: Berserk           |     1 |     5 |     5 ||    11
       Brothers in Arms  |       |       |     1 ||     1
  Use: Scroll            |       |     3 |     7 ||    10
Armor: Ring mail         |    14 |    36 |       ||    50
       Chain mail        |       |     2 |   144 ||   146
Dodge: Dodged            |    26 |    70 |    50 ||   146
Block: Kite shield       |       |    34 |    39 ||    73
       Tower shield      |       |       |    97 ||    97
